 Dungeon Crawl Stone Soup version 0.25-a0-62-g88673ef095 (webtiles) character file.

Game seed: 5370512880290489456, levelgen mode: deterministic

44 Gebura the Skirmisher (level 3, 0/33 HPs)
             Began as a Draconian Monk on Oct 31, 2019.
             Slain by an orc
             ... wielding a +0 whip
              (7 damage)
             ... on level 2 of the Dungeon.
             The game lasted 00:04:00 (1492 turns).

Gebura the Skirmisher (Draconian Monk)              Turns: 1492, Time: 00:04:01

Health: 0/33       AC:  5    Str: 13    XL:     3   Next: 39%
Magic:  3/3        EV: 13    Int: 11    God:
Gold:   66         SH:  0    Dex: 13    Spells: 2/2 levels left

rFire    . . .     SeeInvis .   a - +0 short sword
rCold    . . .     Gourm    .   (no shield)
rNeg     . . .     Faith    .   (armour unavailable)
rPois    .         Spirit   .   (helmet restricted)
rElec    .         Reflect  .   (no cloak)
rCorr    .         Harm     .   (no gloves)
MR       .....                  (no boots)
Stlth    ++........             (no amulet)
HPRegen  0.11/turn              (no ring)
MPRegen  0.08/turn              (no ring)

@: no status effects
A: unfitting armour, cold-blooded, AC +5
a: no special abilities


You were on level 2 of the Dungeon.
You were not hungry.

You visited 1 branch of the dungeon, and saw 3 of its levels.

You collected 66 gold pieces.

Inventory:

Hand Weapons
 a - a +0 short sword (weapon)
Armour
 e - a +0 ring mail
Scrolls
 d - a scroll of teleportation {unknown}
 i - a scroll of blinking {unknown}
 j - a scroll of remove curse {unknown}
Potions
 c - 2 potions of curing {unknown}
 f - 2 potions of haste {unknown}
 g - a potion of lignification {unknown}
 h - 2 potions of agility {unknown}
 k - 2 potions of cancellation {unknown}
 l - a potion of flight {unknown}
Comestibles
 b - 3 rations
 m - 3 chunks of flesh


   Skills:
 + Level 3.8 Fighting
 + Level 3.4 Short Blades
 + Level 3.1 Dodging
 + Level 2.3 Stealth


You had 2 spell levels left.
You didn't know any spells.
Your spell library was empty.

Dungeon Overview and Level Annotations

Branches:
Dungeon (3/15)

Altars:


Innate Abilities, Weirdness & Mutations

Your plain brown scales are hard. (AC +5)
You cannot fit into any form of body armour.
You are cold-blooded and may be slowed by cold attacks.


Message History

You closely miss the orc wizard.
Your tail-slap misses the orc wizard.
The orc wizard is lightly wounded.
The orc hits you but does no damage.
The orc wizard hits you with a +0 dagger.
The orc closely misses you. The orc closely misses you.
The orc wizard casts a spell.
The orc wizard seems to speed up.
There is a stone staircase leading up here.
The orc wizard casts a spell at you. The puff of frost hits you!
The frilled lizard bites you but does no damage.
The orc closely misses you. The orc wizard casts a spell at you.
The magic dart hits you!
* * * LOW HITPOINT WARNING * * *
You climb upwards.
There is a stone staircase leading down here.
The orc hits you with a +0 whip!
You die...

#.# #.......# ####)####
##.## #.......# #....(..#
##(..## #.......# #.##.##.#
#.....# #...<...# #....##.#
#.....###)......# #....##.#
#.......)..########..(###.#
##....####.##.....#..####.#
##.#.####.##.....#.......#
......#..@..........######
#.##.#....ol##.....#### #
#.#....>.##.....#
#........########
####.##### #. . #


You could see an orc and a frilled lizard.

Vanquished Creatures
  2 worms
  2 dart slugs (D:1)
  A leopard gecko (D:3)
  An orc (D:3)
  A giant cockroach (D:1)
  3 goblins (D:1)
  8 hobgoblins
  3 kobolds (D:1)
  A quokka (D:2)
  A frilled lizard (D:1)
  8 rats
31 creatures vanquished.

Notes
Turn   | Place    | Note
-------+----------+-------------------------------------------
     0 | D:1      | Gebura the Draconian Monk began the quest for the Orb.
     0 | D:1      | Reached XP level 1. HP: 19/19 MP: 1/1
   289 | D:1      | Reached XP level 2. HP: 26/26 MP: 2/2
  1135 | D:2      | Reached XP level 3. HP: 25/33 MP: 3/3
  1492 | D:2      | Slain by an orc

Levels and vault maps discovered:
D:1:      minmay_arrival_arboretum_small, layout_basic
D:2:      layout_loops_cross, first_ration, minmay_octomino_j4, uniq_sigmund
D:3:      layout_loops_ring, okawaru_altar_gauntlet_db, uniq_jessica

Skill      XL: |  1  2 |
---------------+-------+-----
Stealth        | 2 |  2.3
Dodging        | 3 |  3.1
Fighting       | |  3.8
Short Blades   | |  3.4

Action                   || total
-------------------------++-------
Melee: Short sword       ||   112
       Tailslap          ||     9
 Stab: Sleeping          ||     4
  Eat: Chunk             ||     2
Armor: Skin              ||    14
Dodge: Dodged            ||    55

Table legend:
 A = Non-vault XP
 B = Vault XP
 C = Vault XP percentage of total XP
 D = Non-vault monster count
 E = Vault monster count
 F = Vault count percentage of total count
                 A         B        C        D         E       F
            +---------+---------+-------+---------+---------+-------
      Total |      63 |       0 |   0.0 |      31 |       0 |   0.0
            +---------+---------+-------+---------+---------+-------
        D:1 |      37 |       0 |   0.0 |      21 |       0 |   0.0
        D:2 |      14 |       0 |   0.0 |       6 |       0 |   0.0
        D:3 |      12 |       0 |   0.0 |       4 |       0 |   0.0
            +---------+---------+-------+---------+---------+-------
